Map: 零纪元-天梯版

Players

MaNa

  • Race: Protoss Protoss
  • League: Grandmaster

Serral - Winner!

  • Race: Zerg Zerg

Event: WESG 2018 Grand Finals

VOD

Have the link to the VOD?

Description

Time

  • Played on: March 13, 2019, 3 a.m.
  • Length: 13:58

All games in this series

Show
View Real Time Build Order
Export as new Build Order

MaNa Protoss 

Build Orders: 1 Gate Expand, Archon Immortal, Archon Drop, Dark Templar Rush 

Get SALT Encoding   

  12  0:00  Probe  
  13  0:12  Probe  
  14  0:17  Pylon  
  14  0:24  Probe  
  15  0:32  Probe  
  15  0:40  Probe, Gateway  
  16  0:48  Assimilator  
  17  0:50  Probe  
  18  0:58  Probe  
  19  1:06  Probe  
  20  1:26  Nexus  
  20  1:36  Cybernetics Core  
  20  1:39  Probe  
  21  1:46  Assimilator  
  21  1:51  Probe  
  21  1:54  Pylon  
  22  2:03  Adept, Probe  
  23  2:15  Probe, Warp Gate  
  26  2:25  Stalker, Robotics Facility  
  26  2:27  Probe  
  29  2:38  Probe  
  29  2:39  Probe  
  31  2:50  Probe  
  32  2:52  Probe  
  32  2:57  Twilight Council  
  33  3:02  Probe  
  33  3:04  Probe  
  33  3:05  Warp Prism  
  35  3:14  Probe  
  35  3:19  Adept  
  40  3:21  Probe  
  40  3:26  Probe  
  42  3:32  Gateway  
  42  3:35  Probe  
  42  3:38  Probe  
  42  3:40  Dark Shrine  
  44  3:48  Gateway  
  44  3:53  Gateway  
  44  4:00  Probe  
  45  4:03  Assimilator x2  
  45  4:09  Probe  
  46  4:10  Pylon  
  46  4:15  Pylon  
  46  4:25  Probe x2  
  48  4:33  Probe x2  
  48  4:38  Shield Battery  
  50  4:42  Probe  
  50  4:45  Probe  
  51  4:52  Dark Templar x4  
  60  4:54  Probe  
  60  4:58  Archon x2  
  61  5:04  Immortal  
  58  5:08  Probe x2  
  58  5:12  Charge  
  62  5:18  Pylon  
  62  5:26  Nexus  
  62  5:36  Probe x2, Dark Templar  
  62  5:37  Dark Templar  
  62  5:38  Sentry  
  70  5:45  Forge  
  70  5:51  Probe  
  70  6:04  Pylon  
  70  6:06  Pylon  
  70  6:08  Robotics Facility  
  70  6:09  Pylon  
  70  6:12  Immortal  
  70  6:25  Sentry x3  
  80  6:26  Probe x2  
  80  6:31  Pylon  
  82  6:32  Pylon  
  82  6:34  Protoss Ground Weapons Level 1  
  82  6:38  Dark Templar  
  84  6:43  Photon Cannon  
  84  6:45  Probe  
  84  6:46  Probe x2  
  87  6:54  Immortal  
  87  6:58  Immortal  
  87  7:00  Probe  
  96  7:15  Gateway x2  
  96  7:17  Dark Templar  
  96  7:19  Probe x3  
  96  7:20  Gateway  
  96  7:22  Archon  
  101  7:25  Zealot x2  
  105  7:33  Photon Cannon  
  105  7:34  Photon Cannon  
  105  7:46  Shield Battery  
  105  7:47  Shield Battery  
  105  7:49  Zealot  
  105  7:50  Zealot x3  
  107  8:15  Zealot x6, Warp Prism  
  111  8:23  Warp Prism  
  105  8:30  Zealot  
  107  8:37  Dark Templar x4  
  107  8:38  Zealot  
  115  8:41  Archon x2  
  115  8:48  Protoss Ground Weapons Level 2  
  115  8:51  Pylon  
  115  8:53  Pylon, Dark Templar  
  115  8:55  Stalker  
  113  9:13  Stalker x2  
  114  9:18  Zealot x4  
  114  9:22  Assimilator  
  122  9:24  Assimilator  
  122  9:28  Probe x3  
  123  9:38  Zealot x4  
  123  9:39  Zealot x2  
  127  9:46  Immortal  
  107  9:57  Immortal  
  87  10:18  Immortal  
  87  10:21  Sentry x3  
  85  10:27  Dark Templar  
  89  10:31  Dark Templar  
  89  10:34  Immortal  
  91  10:36  Archon  
  95  10:50  Archon  
  95  10:52  Stalker x2  
  95  10:54  Zealot x3  
  105  11:04  Zealot x2  
  105  11:07  Immortal  
  113  11:35  Sentry x3  
  113  11:36  Zealot x4  
  127  11:44  Immortal  
  127  11:45  Immortal  
  109  12:07  Zealot x7  
  113  12:13  Immortal  
  107  12:28  Dark Templar x2  
  107  12:29  Dark Templar x2  
  119  12:30  Sentry x2  
  119  12:33  Sentry, Assimilator  
  119  12:34  Archon x2  
  125  13:05  Zealot x3  
  127  13:12  Zealot  
  112  13:14  Sentry x3  
Show
View Real Time Build Order
Export as new Build Order

Serral Zerg - Winner!

Build Orders: Hatch First 

Get SALT Encoding   

  12  0:00  Drone  
  13  0:13  Overlord  
  13  0:18  Drone  
  14  0:31  Drone x2  
  16  0:49  Hatchery  
  15  0:52  Drone  
  15  0:56  Drone  
  17  1:00  Drone  
  18  1:10  Extractor  
  17  1:15  Spawning Pool  
  16  1:19  Drone  
  16  1:22  Drone  
  18  1:29  Drone  
  19  1:40  Drone  
  20  1:51  Overlord  
  20  2:01  Queen x2  
  20  2:02  Zergling x2  
  25  2:11  Metabolic Boost, Drone  
  25  2:12  Drone  
  27  2:16  Zergling x2  
  29  2:22  Drone  
  29  2:23  Drone  
  30  2:39  Hatchery  
  30  2:41  Drone  
  30  2:45  Drone  
  30  2:48  Overlord  
  31  2:54  Queen  
  31  2:57  Drone  
  34  2:59  Drone  
  34  3:02  Drone  
  36  3:14  Drone x2  
  36  3:15  Overlord  
  36  3:17  Drone x2  
  36  3:19  Drone x2  
  42  3:23  Drone x2  
  44  3:33  Queen  
  46  3:37  Lair  
  46  3:41  Roach Warren  
  46  3:42  Drone  
  46  3:44  Drone  
  46  3:47  Drone  
  48  3:50  Overlord  
  47  3:55  Zergling x2  
  47  3:56  Zergling x4  
  47  4:02  Zergling x4  
  52  4:03  Drone x3  
  52  4:08  Queen  
  56  4:11  Zergling x2  
  56  4:16  Overlord  
  57  4:19  Zergling x2  
  57  4:20  Extractor  
  57  4:21  Extractor  
  57  4:22  Drone  
  57  4:23  Drone  
  57  4:27  Overlord  
  57  4:31  Overlord  
  57  4:34  Overlord  
  57  4:35  Overseer  
  57  4:37  Drone x2  
  57  4:38  Drone x2  
  61  4:40  Overseer  
  61  4:44  Drone x2  
  63  4:46  Glial Reconstitution  
  63  4:54  Roach x2  
  63  4:58  Zergling x12  
  73  5:06  Roach x2  
  77  5:16  Roach x3  
  80  5:25  Roach x3  
  86  5:31  Extractor  
  86  5:32  Overlord x2  
  85  5:35  Overlord  
  85  5:43  Roach x2  
  85  5:48  Overlord  
  89  5:51  Drone  
  89  5:52  Drone x5  
  89  5:55  Drone  
  89  5:56  Spire  
  95  6:01  Drone x4  
  95  6:03  Drone  
  100  6:08  Drone x3, Extractor  
  100  6:09  Drone, Extractor  
  102  6:13  Overlord  
  102  6:16  Overlord  
  100  6:20  Roach x2  
  100  6:22  Drone x2  
  106  6:25  Drone  
  106  6:27  Drone  
  106  6:30  Evolution Chamber  
  107  6:37  Drone  
  107  6:38  Drone  
  107  6:39  Drone  
  110  6:41  Drone  
  110  6:43  Overlord  
  110  6:46  Drone, Hatchery  
  111  6:55  Drone x2  
  111  6:57  Overlord  
  113  7:03  Zerg Melee Weapons Level 1, Drone  
  114  7:08  Baneling Nest  
  114  7:11  Mutalisk x6  
  114  7:13  Mutalisk  
  127  7:17  Overseer  
  127  7:18  Drone  
  127  7:19  Spore Crawler  
  127  7:24  Infestation Pit  
  127  7:27  Roach x3, Zergling x2  
  133  7:39  Overlord  
  133  7:42  Roach x2  
  137  7:45  Overlord x2  
  137  7:46  Overlord x2  
  139  7:52  Overlord  
  139  7:58  Ravager x3  
  142  7:59  Roach x5  
  142  8:05  Roach x3  
  150  8:17  Roach x10  
  158  8:24  Roach x4  
  151  8:31  Roach x2  
  151  8:32  Ravager x3  
  151  8:33  Overseer  
  151  8:34  Ravager  
  157  8:40  Queen x2  
  161  8:42  Queen  
  163  8:49  Baneling Nest  
  163  8:50  Infestation Pit  
  161  8:59  Roach x3, Zergling x8  
  161  9:00  Zergling x6  
  172  9:06  Overlord  
  172  9:09  Roach  
  174  9:28  Roach x3, Zergling x14  
  185  9:32  Ravager x2  
  185  9:33  Baneling x12  
  185  9:34  Zergling x4  
  183  9:52  Roach x4, Zergling x22  
  169  9:58  Roach x3, Zergling x2  
  153  10:03  Hive  
  151  10:09  Spire  
  151  10:10  Extractor  
  151  10:12  Drone x4  
  151  10:13  Drone  
  154  10:19  Drone x2  
  153  10:26  Queen  
  156  10:34  Hatchery  
  155  10:37  Roach x3  
  155  10:38  Zerg Melee Weapons Level 2, Centrifical Hooks  
  161  10:45  Zergling x4  
  161  10:46  Zergling x8  
  161  10:48  Overseer  
  164  11:17  Roach x5  
  164  11:18  Roach, Baneling x17  
  176  11:20  Roach x4  
  180  11:36  Greater Spire  
  180  11:37  Roach x6  
  191  11:40  Ravager x2  
  191  11:46  Baneling x11  
  186  11:55  Zergling x10  
  186  11:56  Zergling x4  
  186  12:00  Zergling x6  
  188  12:06  Overseer  
  178  12:10  Roach x5  
  188  12:21  Corruptor  
  188  12:22  Corruptor x2  
  192  12:25  Corruptor  
  194  12:33  Extractor x2  
  194  12:34  Drone x3  
  194  12:35  Drone x3  
  198  12:56  Brood Lord  
  198  13:02  Brood Lord x2  
  196  13:06  Brood Lord  
  196  13:12  Zergling x8  
  197  13:23  Zergling x6  
  199  13:33  Zergling x32  
Tags
 
Add a new tag
Caveats
  • Supply blocks, unpowered buildings, or Contaminate may cause inaccurate times.
  • Supply counts are checked every 10 seconds.